 Dungeon Crawl Stone Soup version 0.31.0-9-g3a7656b989 (webtiles) character file.

Game seed: 16998324288570197581

466 qw the Shooter (level 6, 0/32 HPs)
             Began as a Spriggan Hunter on Feb 2, 2024.
             Frozen to death by an endoplasm (4 damage)
             ... on level 3 of the Dungeon.
             The game lasted 00:00:11 (2377 turns).

qw the Shooter (Spriggan Hunter)                    Turns: 2377, Time: 00:00:12

Health: 0/32       AC:  2    Str:  5 (7)  XL:     6   Next: 81%
Magic:  7/7        EV: 20    Int:  9 (10) God:
Gold:   106        SH:  0    Dex: 18 (21) Spells: 5/5 levels left

rFire   . . .        a - +1 shortbow
rCold   . . .        (shield currently unavailable)
rNeg    . . .        c - +0 robe
rPois   .            (helmet restricted)
rElec   .            (no cloak)
rCorr   .            (gloves unavailable)
SInv    +            (boots unavailable)
Will    +....        e - amulet of regeneration
Stlth   ++           (no ring)
HPRegen 1.05/turn    (no ring)
MPRegen 0.10/turn

%: no passive effects
@: very quick
A: very small, no large weapons, unfitting armour, see invisible, speed 3
a: no special abilities


You were on level 3 of the Dungeon.
You visited 1 branch of the dungeon, and saw 4 of its levels.

You collected 130 gold pieces.
You spent 24 gold pieces at shops.


Innate Abilities, Weirdness & Mutations

You are very small and have problems with some larger weapons.
You are too small for most types of armour.
You have supernaturally acute eyesight. (SInv)
You cover ground extremely quickly. (Speed+++)


   Skills:
 - Level 2.5 Fighting
 + Level 6.6 Ranged Weapons
 - Level 6.0 Dodging
 - Level 1.5 Stealth


You had 5 spell levels left.
You didn't know any spells.
Your spell library was empty.

Inventory:

Hand Weapons
 a - a +1 shortbow (weapon)
Armour
 c - a +0 robe (worn)
Jewellery
 e - an amulet of regeneration (around neck)
Wands
 i - a wand of mindburst (9)
Scrolls
 b - a scroll of enchant armour
 d - 2 scrolls of identify
Potions
 f - a potion of curing {unknown}

Dungeon Overview and Level Annotations

Branches:
Dungeon (4/15)
 Temple: D:4-7

Altars:

Shops:
D:1 [*(*


Message History

The endoplasm misses you.
You shoot an arrow. The goblin shouts!
The arrow hits the gnoll!
The gnoll is heavily wounded.
The gnoll hits you with a +0 whip. The endoplasm freezes you.
You are frozen.
You shoot an arrow. The arrow barely misses the gnoll.
The arrow hits the goblin.
You kill the goblin!
Your attacks no longer feel as feeble.
The gnoll hits you with a +0 whip. The endoplasm freezes you.
You are frozen.
The gnoll barely misses you.
You shoot an arrow. The arrow closely misses the gnoll.
The endoplasm misses you. The gnoll barely misses you.
You shoot an arrow. The arrow closely misses the gnoll.
The endoplasm freezes you.
You are frozen.
The gnoll closely misses you.
You shoot an arrow. The arrow hits the gnoll.
The gnoll is almost dead.
The endoplasm freezes you.
You are frozen.
The gnoll closely misses you.
You shoot an arrow.
The arrow hits the gnoll but does no damage.
The gnoll is severely wounded.
The endoplasm freezes you.
You are frozen.
The gnoll barely misses you.
You shoot an arrow. The arrow closely misses the gnoll.
The endoplasm hits you but does no damage.
The gnoll hits you with a +0 whip.
You shoot an arrow. The arrow hits the gnoll.
You kill the gnoll!
The endoplasm closely misses you.
You shoot an arrow. The arrow hits the endoplasm.
The endoplasm is heavily wounded.
The endoplasm freezes you.
You are frozen.
You die...

####### ###### #.)...#
#.....
...########)....###.....
.)....J@................
......J####.....####....
....... #.....# #....
.##..%# ####### #....
..... #.... ...... #####
.)... .....


You could see 2 endoplasms.

Vanquished Creatures
  2 scorpions (D:4)
  A howler monkey (D:4)
  A gnoll bouda (D:3)
  A hound (D:4)
  3 orc wizards (D:4)
  8 gnolls
  3 adders
  3 ribbon worms
  A dart slug (D:4)
  3 orcs (D:4)
  2 bats
  6 endoplasms
  A giant cockroach (D:2)
  6 goblins
  6 hobgoblins
  4 quokkas
  4 ball pythons
  4 frilled lizards
  7 kobolds
  8 rats
74 creatures vanquished.

Notes
Turn   | Place    | Note
-------+----------+-------------------------------------------
     0 | D:1      | qw the Spriggan Hunter began the quest for the Orb.
     0 | D:1      | Reached XP level 1. HP: 10/10 MP: 2/2
     0 | D:1      | 0 ||| qw: Version: 0.3-a-155-g5e7d8dd
     0 | D:1      | 0 ||| qw: Game counter: 2008
     0 | D:1      | 0 ||| qw: Melee chars always use a shield: true
     0 | D:1      | 0 ||| qw: God list: Okawaru
     0 | D:1      | 0 ||| qw: Allow faded altars: false
     0 | D:1      | 0 ||| qw: Do Orc after clearing Dungeon:15 true
     0 | D:1      | 0 ||| qw: Do second Lair branch before Depths: true
     0 | D:1      | 0 ||| qw: Lair rune preference: random
     0 | D:1      | 0 ||| qw: Goals: Normal
     0 | D:1      | 0 ||| PLANNING D:1-11
    99 | D:1      | Reached skill level 3 in Dodging
   171 | D:1      | Found Jautzima's General Store.
   182 | D:1      | Found a faded altar of an unknown god.
   188 | D:1      | Reached XP level 2. HP: 14/14 MP: 3/3
   198 | D:1      | 198 ||| SHOPLISTING +6 ring of dexterity (504 gold, have
                  | 35).
   198 | D:1      | 198 ||| SHOPLISTING potion of haste (140 gold, have 35).
   263 | D:1      | Found Suusaq's Assorted Antiques.
   277 | D:1      | 277 ||| BUYING bubbling yellow potion (24 gold).
   277 | D:1      | Bought a bubbling yellow potion for 24 gold pieces
   277 | D:1      | 277 ||| SHOPLISTING scroll labelled DIYSAE IZOZOFE (27
                  | gold, have 20).
   277 | D:1      | 277 ||| SHOPLISTING scroll labelled QOUDAO QYFILY (27 gold,
                  | have 20).
   277 | D:1      | 277 ||| SHOPLISTING scroll labelled SIPIMI FULI (27 gold,
                  | have 20).
   277 | D:1      | 277 ||| SHOPLISTING tapered iron wand (108 gold, have 20).
   277 | D:1      | 277 ||| SHOPLISTING viscous blue potion (24 gold, have 20).
   397 | D:1      | Found Nihor's Antique Armour Shoppe.
   405 | D:1      | 405 ||| SHOPLISTING cloak (94 gold, have 20).
   498 | D:1      | Found Nidimiylo's Antique Weapon Emporium.
   507 | D:1      | 507 ||| SHOPLISTING bloodstained sling (162 gold, have 20).
   572 | D:1      | 572 ||| UPGRADING to amulet of regeneration.
   577 | D:1      | 577 ||| READING scroll labelled QOUDAO QYFILY.
   577 | D:1      | 577 ||| ENCHANTING +0 shortbow.
   578 | D:1      | 578 ||| READING scroll labelled RUUPETI LECH.
   679 | D:1      | 679 ||| READING scroll labelled CIATHR UCABAI.
   680 | D:1      | 680 ||| DROPPING scroll of butterflies.
   726 | D:2      | 726 ||| STAIRDANCE
   730 | D:2      | 730 ||| STAIRDANCE
   810 | D:2      | Reached XP level 3. HP: 18/18 MP: 4/4
  1141 | D:2      | You fall into a shaft and drop 2 floors!
  1171 | D:4      | Reached XP level 4. HP: 21/22 MP: 5/5
  1192 | D:4      | Noticed a scorpion
  1199 | D:4      | Killed a scorpion
  1200 | D:4      | Reached XP level 5. HP: 21/25 MP: 6/6
  1476 | D:4      | Reached XP level 6. HP: 32/32 MP: 7/7
  1571 | D:4      | Reached skill level 6 in Ranged Weapons
  1601 | D:4      | 1601 ||| DRINKING murky brown potion.
  1602 | D:4      | 1602 ||| DRINKING bubbling yellow potion.
  1603 | D:4      | 1603 ||| DRINKING 2 sedimented green potions.
  1763 | D:4      | 1763 ||| READING scroll labelled DIYSAE IZOZOFE.
  1763 | D:4      | 1763 ||| IDENTIFYING scroll labelled FARONO RUH PETZAG
  1764 | D:4      | 1764 ||| READING scroll labelled DOQ PETZUNAME.
  1765 | D:4      | 1765 ||| READING scroll labelled SIPIMI FULI.
  1766 | D:4      | 1766 ||| READING scroll labelled ESEXUF FULO.
  1766 | D:4      | 1766 ||| ENCHANTING +0 shortbow.
  1767 | D:4      | 1767 ||| DROPPING scroll of revelation.
  1768 | D:4      | 1768 ||| DROPPING potion of berserk rage.
  2312 | D:3      | 2312 ||| RETREEEEATING.
  2315 | D:3      | 2315 ||| RETREEEEATING.
  2317 | D:3      | Reached skill level 6 in Dodging
  2370 | D:3      | HP: 8/32 [frozen (3)]
  2375 | D:3      | HP: 1/32 [gnoll/+0 whip[a gnoll bouda] (5)]
  2377 | D:3      | Frozen to death by an endoplasm

Levels and vault maps discovered:
D:1:      wander_arrival_chamber, layout_basic, serial_shops, shop, shop, shop,
          nicolae_shop_statue_plus, chequers_ecumenical_altar_island,
          minmay_misc_feat_alley, st_stairs_3
D:2:      layout_basic
D:3:      layout_basic, mainiacjoe_overflow_brackets, minmay_goblin_outpost
D:4:      minmay_wonky_spiral, layout_basic, kennysheep_okawaru_gauntlet

Skill      XL: |  1  2  3  4  5  6 |
---------------+-------------------+-----
Dodging        | 3 4 5 6 |  6.0
Ranged Weapons | 5 6 |  6.6
Fighting       | 2 |  2.5
Stealth        | |  1.5

Action                     |  1- 3 |  4- 6 || total
---------------------------+-------+-------++-------
   Fire: Shortbow          |    97 |   161 ||   258
    Use: Scroll            |     3 |     4 ||     7
         Potion            |       |     3 ||     3
 Armour: Robe              |     6 |    28 ||    34
         Skin              |       |    21 ||    21
  Dodge: Dodged            |    26 |    69 ||    95

Table legend:
 A = Non-vault XP
 B = Vault XP
 C = Vault XP percentage of total XP
 D = Non-vault monster count
 E = Vault monster count
 F = Vault count percentage of total count
                 A         B        C        D         E       F
            +---------+---------+-------+---------+---------+-------
      Total |     573 |      93 |  14.0 |      64 |      10 |  13.5
            +---------+---------+-------+---------+---------+-------
        D:1 |      30 |       3 |   9.1 |      20 |       2 |   9.1
        D:2 |      35 |       0 |   0.0 |      13 |       0 |   0.0
        D:3 |     133 |      12 |   8.3 |      11 |       6 |  35.3
        D:4 |     375 |      78 |  17.2 |      20 |       2 |   9.1
            +---------+---------+-------+---------+---------+-------
